 Dungeon Crawl Stone Soup version 0.15.0-23-gc2b521c (webtiles) character file.

716 MDvedh the Cudgeler (level 7, 0/34 HPs)
             Began as a Vine Stalker Death Knight on Sept 9, 2014.
             Was a Believer of Yredelemnul.
             Slain by a killer bee (2 damage)
             ... on Level 5 of the Dungeon.
             The game lasted 00:07:45 (3958 turns).

MDvedh the Cudgeler (Vine Stalker Death Knight)     Turns: 3958, Time: 00:07:47

HP   0/34        AC 14     Str 15      XL: 7   Next: 69%
MP   0/11        EV  3     Int 11      God: Yredelemnul [**....]
Gold 224         SH  0     Dex 16      Spells:  0 memorised,  6 levels left

rFire  . . .     SeeInvis .     g - +1 flail
rCold  . . .     Clarity  .     o - +0 plate armour
rNeg   . . .     rCorr    .     (no shield)
rPois  .         rRot     +     (no helmet)
rElec  .         Spirit   +     r - +0 cloak
SustAb .         Warding  .     k - +2 pair of gloves
rMut   .         Stasis   .     (no boots)
Gourm  .                        (no amulet)
MR     .....                    (no ring)
                                (no ring)

@: injury mirror, not resistant to hostile enchantments, extremely unstealthy
A: fangs 2, regeneration 2, magic shield, antimagic bite, no device heal 3, rot
immunity
a: Animate Remains, Recall Undead Slaves, Injury Mirror, Renounce Religion


You were on level 5 of the Dungeon.
You worshipped Yredelemnul.
Yredelemnul was pleased with you.
You were not hungry.

You visited 1 branch of the dungeon, and saw 5 of its levels.

You collected 224 gold pieces.

Inventory:

Hand weapons
 g - a +1 flail (weapon)
Armour
 k - a +2 pair of gloves (worn)
 o - a +0 plate armour (worn)
 r - a +0 cloak (worn)
Magical devices
 m - a wand of digging (22)
Comestibles
 c - 3 bread rations
 n - 2 meat rations
 q - 2 beef jerkies
Scrolls
 a - a scroll of enchant weapon
 i - 2 scrolls of enchant armour
 j - 3 scrolls of remove curse
 p - a scroll of magic mapping
Potions
 b - a potion of curing
 d - 2 potions of lignification {unknown}
 e - a potion of haste {unknown}
 f - 6 potions of brilliance
 h - a potion of heal wounds {unknown}
 l - a potion of mutation {unknown}


   Skills:
 - Level 1.7 Fighting
 + Level 7.7 Maces & Flails
 - Level 0.7 Armour
 - Level 0.7 Dodging
 - Level 2.6 Invocations


You had 6 spell levels left.
You didn't know any spells.

Dungeon Overview and Level Annotations

Branches:
Dungeon (5/15)             Temple (0/1) D:4

Altars:
Ashenzari
Cheibriados
Nemelex Xobeh


Innate Abilities, Weirdness & Mutations

You have extremely sharp teeth.
You heal very quickly.
When hurt, damage is shared between your health and your magic reserves.
Your bite disrupts and absorbs the magic of your enemies.
Potions and wands cannot restore your health.
You are immune to rotting.


Message History

Press: ? - help, Shift-Dir - straight line, f - you
Okay, then.
Unknown command.
Unknown command.
You thump the killer bee!
You kill the killer bee!
Yredelemnul accepts your kill.
The killer bee stings you but does no damage.
Unknown command.
You hit the killer bee.
The killer bee is lightly wounded.
You feel sick.
The killer bee stings you but does no damage.
The killer bee stings you.
You are lethally poisoned!
The killer bee poisons you!
Drink which item? (? for menu, Esc to quit)
You feel better. The killer bee stings you.
You die...
Your body rises from the dead as a mindless zombie.

#.#.##.#
#.#.##.#
#.#....#
#.######
#.....#
#####.# #.#
#
#.########.#
#
#.......y@.#
#
############
# #


You could see a killer bee.

Vanquished Creatures
  Prince Ribbit (D:4)
  2 killer bees (D:5)
  A hound (D:4)
  An iguana (D:4)
  2 orc wizards (D:3)
  4 worker ants
  7 gnolls
  6 adders
  A giant mite (D:5)
  2 worms (D:2)
  3 giant geckos
  4 orcs (D:3)
  13 goblins
  13 hobgoblins
  A quokka (D:2)
  A ball python (D:3)
  9 bats
  7 giant cockroaches
  3 giant newts
  A goblin skeleton (D:5)
  4 jackals
  6 kobolds
  18 rats
110 creatures vanquished.

Notes
Turn   | Place    | Note
--------------------------------------------------------------
     0 | D:1      | MDvedh, the Vine Stalker Death Knight, began the quest for the Orb.
     0 | D:1      | Reached XP level 1. HP: 11/11 MP: 1/1
   147 | D:1      | Reached XP level 2. HP: 15/15 MP: 3/3
   539 | D:1      | Reached skill level 3 in Maces & Flails
   585 | D:1      | Reached XP level 3. HP: 18/18 MP: 5/5
  1086 | D:2      | Acquired Yredelemnul's second power
  1169 | D:2      | Reached XP level 4. HP: 6/23 MP: 3/6
  1455 | D:2      | Reached skill level 4 in Maces & Flails
  1480 | D:2      | Reached XP level 5. HP: 7/26 MP: 9/9
  1901 | D:3      | Found a snail-covered altar of Cheibriados.
  2049 | D:3      | Reached skill level 5 in Maces & Flails
  2265 | D:3      | Gained mutation: You heal very quickly. [vine stalker growth]
  2265 | D:3      | Reached XP level 6. HP: 15/30 MP: 5/10
  2438 | D:3      | Acquired Yredelemnul's third power
  2696 | D:4      | Reached skill level 6 in Maces & Flails
  2749 | D:4      | Found a sparkling altar of Nemelex Xobeh.
  2847 | D:4      | Found a staircase to the Ecumenical Temple.
  2925 | D:4      | Noticed Prince Ribbit
  3041 | D:4      | Killed Prince Ribbit
  3041 | D:4      | Reached skill level 7 in Maces & Flails
  3041 | D:4      | Reached XP level 7. HP: 2/34 MP: 1/11
  3386 | D:5      | Entered Level 5 of the Dungeon
  3462 | D:5      | Found a shattered altar of Ashenzari.
  3955 | D:5      | HP: 1/34 [poisoned by a killer bee]
  3958 | D:5      | Slain by a killer bee

Action                   |  1- 3 |  4- 6 |  7- 9 || total
-------------------------+-------+-------+-------++-------
Melee: Mace              |   112 |   148 |       ||   260
       Flail             |       |    47 |    50 ||    97
Invok: Injury Mirror     |       |     2 |     1 ||     3
       Animate Remains   |       |     1 |       ||     1
Evoke: Wand              |       |     1 |       ||     1
  Use: Scroll            |       |    10 |     3 ||    13
       Potion            |       |       |     2 ||     2
  Eat: Chunk             |     1 |     6 |     3 ||    10
